[Event "Titled Tuesday Blitz January 31 Late 2023"]
[White "Chor, Kevin"]
[Black "Caruana, Fabiano"]
[WhiteFideId "2090740"]
[BlackFideId "2020009"]
[WhiteElo "1944"]
[BlackElo "2764"]
[Result "0-1"]
[Round "04"]
[TimeControl "180+2"]
[Date "2023.01.31"]
[WhiteClock "0:00:04"]
[BlackClock "0:01:21"]

1. e4 c5 2. Nf3 d6 3. d4 cxd4 4. Nxd4 Nf6 5. Nc3 a6 6. Be2 e5 7. Nb3 Be7 8. O-O O-O 9. Be3 Be6 10. Nd5 Bxd5 11. exd5 Nbd7 12. Qd2 a5 13. c4 b6 14. f3 Nc5 15. Nxc5 bxc5 16. b3 Nd7 17. Rad1 f5 18. a3 Qc7 19. Bg5 Bxg5 20. Qxg5 Qd8 21. Qe3 Qf6 22. Rb1 Rfb8 23. Bd3 g6 24. Bc2 Rb7 25. Qc3 Qd8 26. f4 Qf6 27. fxe5 Nxe5 28. Rbe1 Kg7 29. Re2 h5 30. Rfe1 Re7 31. b4 axb4 32. axb4 cxb4 33. Qxb4 Rae8 34. Kh1 Ng4 35. Rxe7+ Rxe7 36. Rxe7+ Qxe7 37. Qc3+ Qf6 38. Qe1 Qe5 39. Qxe5+ Nxe5 40. Bb3 Kf6 41. g3 Nd3 42. Kg2 Ke5 43. Kf3 Kd4 44. Ba4 Kxc4 45. Bc6 Kd4 46. h4 Ke5 47. Be8 Kf6 48. Ke3 Nc5 49. Kd4 Ne4 50. Kc4 Nxg3 51. Kb5 f4 52. Kc6 Nf5 53. Bd7 f3 54. Bxf5 Kxf5 55. Kxd6 f2 56. Ke7 f1=Q 57. d6 Qe2+ 58. Kf7 Qe6+ 59. Kg7 Qf6+ 60. Kh7 Qf7+ 61. Kh6 Kf6 62. d7 Qg7# 0-1


[Site "https://www.chess.com"]

[Event "Titled Tuesday Blitz January 31 Late 2023"]
[White "Jobava, Baadur"]
[Black "Blit, Jacques"]
[WhiteFideId "13601520"]
[BlackFideId "114839"]
[WhiteElo "2578"]
[BlackElo "2309"]
[Result "1-0"]
[Round "04"]
[TimeControl "180+2"]
[Date "2023.01.31"]
[WhiteClock "0:00:58"]
[BlackClock "0:00:10"]

1. b3 a5 2. Bb2 a4 3. e3 Nf6 4. Nf3 e6 5. Be2 a3 6. Bxf6 Qxf6 7. d4 d6 8. O-O Be7 9. c4 O-O 10. Nc3 c6 11. b4 e5 12. Re1 Bf5 13. Rc1 Na6 14. Qb3 Rfe8 15. Qxa3 Nc5 16. Qb2 Nd3 17. Bxd3 Bxd3 18. dxe5 dxe5 19. c5 e4 20. Nd4 Bd8 21. Rcd1 Bc7 22. a4 Re5 23. f4 exf3 24. Rxd3 Rg5 25. Ne4 Bxh2+ 26. Kh1 Qh6 27. Nxg5 Bg3+ 28. Nh3 fxg2+ 29. Qxg2 Bxe1 30. Nf5 Qf6 31. e4 g6 32. Rf3 Qa1 33. Nh6+ Kg7 34. Rxf7+ Kh8 35. Rf1 Rxa4 36. Rf8+ Kg7 37. Rg8+ Kf6 38. Qg5+ Ke6 39. Re8+ 1-0


[Site "https://www.chess.com"]

[Event "Titled Tuesday Blitz January 31 Late 2023"]
[White "Rosen, Eric"]
[Black "Pranav, V"]
[WhiteFideId "2032562"]
[BlackFideId "25060783"]
[WhiteElo "2349"]
[BlackElo "2597"]
[Result "0-1"]
[Round "04"]
[TimeControl "180+2"]
[Date "2023.01.31"]
[WhiteClock "0:00:01"]
[BlackClock "0:00:19"]

1. d4 Nf6 2. Bf4 c5 3. e3 cxd4 4. exd4 b6 5. Nf3 Bb7 6. Nbd2 g6 7. Be2 Bg7 8. O-O O-O 9. c3 d5 10. h3 Nc6 11. Re1 a6 12. a4 Rc8 13. Bf1 Re8 14. Ne5 Nxe5 15. Bxe5 Nh5 16. Bh2 Bh6 17. Nf3 Bf4 18. Bxf4 Nxf4 19. Ne5 f6 20. Nd3 Nh5 21. Qg4 Ng7 22. g3 Rc7 23. Bg2 e6 24. h4 Rce7 25. a5 bxa5 26. Nc5 Bc8 27. Qf3 Nf5 28. h5 Kg7 29. Re2 Nd6 30. h6+ Kxh6 31. Qxf6 Rf8 32. Qh4+ Kg7 33. Rae1 Nf5 34. Qf4 Rf6 35. Qe5 Nh6 36. Bh3 Nf7 37. Qe3 e5 38. Bxc8 Qxc8 39. dxe5 Rxe5 40. Qd4 Ng5 41. Re3 Rxe3 42. Rxe3 Qf5 43. Re7+ Kf8 44. Qe3 Nh3+ 45. Kg2 Qxf2+ 46. Kxh3 Qf1+ 47. Kg4 Qf5+ 48. Kh4 Qh5# 0-1


[Site "https://www.chess.com"]

[Event "Titled Tuesday Blitz January 31 Late 2023"]
[White "Martinez Alcantara, Jose Eduardo"]
[Black "Risteski, Emil"]
[WhiteFideId "3805662"]
[BlackFideId "15005267"]
[WhiteElo "2619"]
[BlackElo "2366"]
[Result "1-0"]
[Round "04"]
[TimeControl "180+2"]
[Date "2023.01.31"]
[WhiteClock "0:02:08"]
[BlackClock "0:02:03"]

1. e4 c5 2. Nf3 Nc6 3. Nc3 g6 4. Bb5 Bg7 5. O-O Nd4 6. Bc4 e6 7. d3 Ne7 8. Nxd4 cxd4 9. Ne2 d5 10. exd5 Nxd5 11. Nf4 Nxf4 12. Bxf4 O-O 13. Qf3 a6 14. Rfe1 Ra7 15. a4 Bd7 16. Qg3 Ra8 17. Bc7 Qc8 18. a5 Bc6 19. h4 h5 20. Be5 Bxe5 21. Rxe5 Kh7 22. Rae1 Qc7 23. Rxh5+ 1-0


[Site "https://www.chess.com"]

[Event "Titled Tuesday Blitz January 31 Late 2023"]
[White "Lymar, Vladislav"]
[Black "Bluebaum, Matthias"]
[WhiteFideId "14162180"]
[BlackFideId "24651516"]
[WhiteElo "2119"]
[BlackElo "2669"]
[Result "1-0"]
[Round "04"]
[TimeControl "180+2"]
[Date "2023.01.31"]
[WhiteClock "0:00:02"]
[BlackClock "0:00:03"]

1. e4 e6 2. Qe2 c5 3. Nf3 Nc6 4. g3 g6 5. Bg2 Bg7 6. c3 Nge7 7. O-O O-O 8. Na3 d6 9. d3 e5 10. Nd2 h6 11. f4 exf4 12. gxf4 d5 13. Nf3 Be6 14. Kh1 Qd7 15. f5 gxf5 16. e5 Ng6 17. d4 cxd4 18. cxd4 f4 19. Nb5 f6 20. exf6 Rxf6 21. Ne5 Ncxe5 22. dxe5 Rf5 23. Nd4 Rxe5 24. Qd3 Bf5 25. Nxf5 Qxf5 26. Qb3 Rae8 27. Bd2 Re2 28. Qxd5+ Qxd5 29. Bxd5+ Kh8 30. Bxf4 Rxb2 31. Bf7 Nxf4 32. Bxe8 Be5 33. Rab1 Rxa2 34. Rxb7 Bd6 35. Rd7 Be5 36. Bf7 Rb2 37. Rg1 Rb8 38. Rxa7 Nh3 39. Rf1 Rb2 40. Ra2 Rb8 41. Be6 Nf4 42. Bc4 Rc8 43. Bb3 Rb8 44. Bf7 Rf8 45. Ra7 Rc8 46. Rb7 Rc2 47. Re1 Nd3 48. Re3 Rc1+ 49. Kg2 Nf4+ 50. Kf3 Rc5 51. Rd7 Ra5 52. Rxe5 Rxe5 53. Kxf4 Re1 54. Kg3 Kg7 55. Bh5+ Kf6 56. Bf3 Re3 57. Rd6+ Kg7 58. Kf4 Ra3 59. h4 Ra7 60. Be4 Rf7+ 61. Kg4 Ra7 62. Rg6+ Kh8 63. Rxh6+ Kg8 64. Rc6 Rg7+ 65. Kf5 Rf7+ 66. Kg5 Re7 67. Bf5 Kg7 68. Rg6+ Kh8 69. Rd6 Rg7+ 70. Bg6 Re7 71. h5 Rc7 72. Rd8+ Kg7 73. h6# 1-0


[Site "https://www.chess.com"]

[Event "Titled Tuesday Blitz January 31 Late 2023"]
[White "Makhnev, Denis"]
[Black "Cori T., Deysi"]
[WhiteFideId "13707647"]
[BlackFideId "3801934"]
[WhiteElo "2483"]
[BlackElo "2362"]
[Result "1-0"]
[Round "04"]
[TimeControl "180+2"]
[Date "2023.01.31"]
[WhiteClock "0:00:14"]
[BlackClock "0:00:07"]

1. d4 Nf6 2. c4 e6 3. Nf3 Bb4+ 4. Bd2 Qe7 5. e3 O-O 6. Bd3 Nc6 7. Nc3 d6 8. e4 e5 9. d5 Nd4 10. h3 c5 11. O-O Ne8 12. a3 Ba5 13. Rb1 f5 14. b4 cxb4 15. axb4 Bb6 16. exf5 Bxf5 17. Bxf5 Rxf5 18. Nxd4 Bxd4 19. Ne2 Qh4 20. Nxd4 Qxd4 21. Qc2 Rf7 22. Be3 Qh4 23. c5 Rc8 24. c6 bxc6 25. dxc6 a6 26. Rfc1 d5 27. Bb6 d4 28. Re1 Qf6 29. Rbc1 Nd6 30. Qe2 e4 31. Qxa6 Qxf2+ 32. Kh1 Rcf8 33. Qe2 Qg3 34. Qg4 Qxg4 35. hxg4 d3 36. Bc5 d2 37. Bxd6 dxe1=Q+ 38. Rxe1 Rf1+ 39. Rxf1 Rxf1+ 40. Kh2 Rc1 41. Bc5 e3 42. c7 1-0


[Site "https://www.chess.com"]

[Event "Titled Tuesday Blitz January 31 Late 2023"]
[White "Goroshkov, Maksym"]
[Black "Bok, Benjamin"]
[WhiteFideId "14142716"]
[BlackFideId "1017063"]
[WhiteElo "2287"]
[BlackElo "2607"]
[Result "0-1"]
[Round "04"]
[TimeControl "180+2"]
[Date "2023.01.31"]
[WhiteClock "0:00:40"]
[BlackClock "0:00:45"]

1. e4 c5 2. c3 Nf6 3. e5 Nd5 4. Bc4 Nb6 5. Bb3 Nc6 6. d4 cxd4 7. cxd4 d5 8. exd6 Qxd6 9. Nf3 Be6 10. O-O Bxb3 11. Qxb3 e6 12. Nc3 Be7 13. Be3 O-O 14. Rad1 Rfd8 15. a3 Na5 16. Qa2 Nac4 17. Rfe1 Rac8 18. Ne4 Qd5 19. Qb1 Qf5 20. Nc5 Qxb1 21. Rxb1 Nxe3 22. Rxe3 Bxc5 23. dxc5 Rxc5 24. h4 Rc2 25. b4 Nc4 26. Reb3 b5 27. g3 f6 28. Re1 e5 29. Rbb1 Rd3 30. Nh2 Rdd2 31. Rf1 Ne3 32. Rfe1 Rxf2 33. Rxe3 Rg2+ 34. Kh1 Rxh2+ 35. Kg1 Rcg2+ 36. Kf1 Rd2 37. Kg1 Kf7 38. Rc1 Rdg2+ 39. Kf1 Rc2 40. Rxc2 Rxc2 41. Rd3 Ke6 42. Rd8 Rc3 43. Rg8 Rxg3 44. Kf2 Kf7 45. Rb8 Rxa3 46. Rxb5 Kg6 47. Rb7 Rb3 48. h5+ Kxh5 49. Rxg7 Rxb4 50. Rxh7+ Kg4 51. Rxa7 f5 52. Ke3 f4+ 53. Ke2 Rb2+ 54. Ke1 e4 55. Ra3 e3 0-1


[Site "https://www.chess.com"]

[Event "Titled Tuesday Blitz January 31 Late 2023"]
[White "Terry, Renato"]
[Black "Mladek, Richard"]
[WhiteFideId "3803457"]
[BlackFideId "386588"]
[WhiteElo "2520"]
[BlackElo "2436"]
[Result "1-0"]
[Round "04"]
[TimeControl "180+2"]
[Date "2023.01.31"]
[WhiteClock "0:00:05"]
[BlackClock "0:00:05"]

1. e4 e5 2. Nf3 Nc6 3. c3 Nf6 4. d4 exd4 5. e5 Ne4 6. Qe2 d5 7. exd6 f5 8. Nxd4 Nxd4 9. cxd4 Bxd6 10. f3 Qh4+ 11. g3 Bxg3+ 12. hxg3 Qxh1 13. fxe4 fxe4 14. Nc3 O-O 15. Bf4 Bf5 16. O-O-O Bg6 17. Qc4+ Kh8 18. Be2 Qh2 19. d5 Rac8 20. Qd4 a6 21. Qe3 b5 22. a3 Qh3 23. Na2 Rfe8 24. Nb4 a5 25. Nc6 b4 26. a4 Bh5 27. Kb1 Bxe2 28. Qxe2 Qf5 29. Qe3 b3 30. Rd4 Qg6 31. Ka1 h6 32. Qxb3 e3 33. Bxe3 Qxg3 34. Rd3 Qf3 35. Ka2 Qf5 36. Bd4 Kh7 37. Rg3 Rg8 38. Ne7 Qf7 39. Qd3+ g6 40. Nxg8 Qxd5+ 41. b3 Rxg8 42. Qc4 Qf7 43. Qxf7+ 1-0


[Site "https://www.chess.com"]

[Event "Titled Tuesday Blitz January 31 Late 2023"]
[White "Djokic, Mihailo"]
[Black "Dardha, Daniel"]
[WhiteFideId "976440"]
[BlackFideId "240990"]
[WhiteElo "2192"]
[BlackElo "2631"]
[Result "0-1"]
[Round "04"]
[TimeControl "180+2"]
[Date "2023.01.31"]
[WhiteClock "0:00:53"]
[BlackClock "0:01:42"]

1. e4 c5 2. Nf3 d6 3. d4 cxd4 4. Nxd4 Nf6 5. Nc3 Nc6 6. Bg5 e6 7. Qd2 Bd7 8. O-O-O a6 9. f4 Be7 10. Nf3 b5 11. e5 b4 12. exf6 bxc3 13. Qxc3 gxf6 14. Bh4 Rg8 15. Bf2 a5 16. Bb5 Nb4 17. Bxd7+ Qxd7 18. Qb3 Rxg2 19. Rd2 d5 20. a3 a4 21. Qe3 Nc6 22. Rhd1 Rb8 23. Nh4 Rg8 24. f5 Qb7 25. c3 Bxa3 26. fxe6 Bxb2+ 27. Kc2 Qb3+ 28. Kd3 Qc4+ 29. Kc2 Nb4+ 30. Kxb2 Qa2+ 31. Kc1 Qa1# 0-1


[Site "https://www.chess.com"]

[Event "Titled Tuesday Blitz January 31 Late 2023"]
[White "Predke, Alexandr"]
[Black "Atanasov, Anthony"]
[WhiteFideId "24107581"]
[BlackFideId "2623897"]
[WhiteElo "2685"]
[BlackElo "2368"]
[Result "1-0"]
[Round "04"]
[TimeControl "180+2"]
[Date "2023.01.31"]
[WhiteClock "0:00:11"]
[BlackClock "0:00:02"]

1. e4 e5 2. Nf3 Nf6 3. Qe2 Nc6 4. d4 exd4 5. e5 Nd5 6. Qe4 Bb4+ 7. Nbd2 Nde7 8. a3 Ba5 9. b4 Bb6 10. b5 Na5 11. Bd3 d5 12. Qf4 c5 13. bxc6 Naxc6 14. O-O O-O 15. h4 Ng6 16. Qg3 Bc7 17. Re1 Re8 18. Bxg6 hxg6 19. Nb3 Bf5 20. Bb2 Bxc2 21. Nbxd4 Be4 22. Nxc6 bxc6 23. Ng5 Bf5 24. Qc3 Ba5 25. Qd4 Bxe1 26. Rxe1 Qb6 27. Qd2 Rab8 28. Bc3 c5 29. Qf4 d4 30. Bd2 Qb3 31. h5 Qd5 32. g4 Be6 33. h6 gxh6 34. Ne4 Kf8 35. Nf6 Qc4 36. Qxh6+ Ke7 37. Bg5 Kd8 38. Nxe8+ Kxe8 39. Qh8+ Kd7 40. Qxb8 Qd5 41. Rb1 Bxg4 42. Qd8+ Ke6 43. Qf6+ Kd7 44. Qe7+ Kc8 45. Rb7 1-0


[Site "https://www.chess.com"]

[Event "Titled Tuesday Blitz January 31 Late 2023"]
[White "Diaz Perez, Michel Alejandro"]
[Black "Tari, Aryan"]
[WhiteFideId "3517179"]
[BlackFideId "1510045"]
[WhiteElo "2414"]
[BlackElo "2642"]
[Result "1/2-1/2"]
[Round "04"]
[TimeControl "180+2"]
[Date "2023.01.31"]
[WhiteClock "0:00:06"]
[BlackClock "0:00:04"]

1. e4 c6 2. d4 d5 3. exd5 cxd5 4. c4 Nf6 5. Nc3 e6 6. Nf3 Bb4 7. cxd5 Nxd5 8. Qc2 O-O 9. Bd3 Nf6 10. O-O Nc6 11. Rd1 Be7 12. a3 b6 13. Ne4 Bb7 14. Nxf6+ Bxf6 15. Bxh7+ Kh8 16. Be4 Rc8 17. Qe2 Na5 18. Bxb7 Nxb7 19. Ne5 Qd5 20. Bf4 Kg8 21. Ng4 Be7 22. Be5 Nd6 23. Rd3 Qe4 24. Re3 Qc2 25. Qf3 Nf5 26. Ree1 Rfd8 27. Ne3 Nxe3 28. fxe3 Qxb2 29. Rf1 f6 30. Bg3 Qc2 31. Qg4 Kf7 32. Qh5+ Qg6 33. Qf3 Rc2 34. Rac1 Rdc8 35. Rxc2 Rxc2 36. Qb7 Qg5 37. e4 Qe3+ 38. Kh1 Qxd4 39. e5 Qd3 40. Re1 f5 41. Qxa7 g5 42. Qxb6 f4 43. Bf2 Qd2 44. Rf1 Qe2 45. Kg1 Bc5 46. Qb7+ Kg6 47. Bxc5 Rxc5 48. Qe7 Qxe5 49. Qe8+ Kf5 50. Qf8+ Kg6 51. Qe8+ Kh7 52. Qe7+ Kh6 53. Qf8+ Kh7 54. Qe7+ Kg8 55. Qe8+ Kg7 56. Qe7+ Kh6 57. Qf8+ Kh5 58. Qf7+ Kh6 59. Qf8+ 1/2-1/2


[Site "https://www.chess.com"]

[Event "Titled Tuesday Blitz January 31 Late 2023"]
[White "Liu, Eric"]
[Black "Zhigalko, Sergei"]
[WhiteFideId "30960240"]
[BlackFideId "13502956"]
[WhiteElo "2299"]
[BlackElo "2572"]
[Result "0-1"]
[Round "04"]
[TimeControl "180+2"]
[Date "2023.01.31"]
[WhiteClock "0:00:05"]
[BlackClock "0:00:07"]

1. Nf3 d5 2. b3 Bg4 3. e3 e5 4. h3 Bxf3 5. Qxf3 Nf6 6. Bb2 Bd6 7. d4 e4 8. Qd1 c6 9. c4 O-O 10. Nc3 Nbd7 11. Be2 Re8 12. O-O Nf8 13. Rc1 a6 14. Qd2 Ne6 15. g3 Qd7 16. Kg2 Ng5 17. Rh1 Qf5 18. h4 Nf3 19. Qd1 h5 20. Bxf3 exf3+ 21. Qxf3 Qe6 22. Rhe1 g6 23. Ne2 Ne4 24. Nf4 Qf5 25. Nd3 Nxg3 26. fxg3 Qxd3 27. cxd5 cxd5 28. Rf1 Qe4 29. Qxe4 Rxe4 30. Rf6 Rd8 31. Rc3 Kg7 32. Rf3 f5 33. Bc1 Kf7 34. a4 Ke6 35. Rc2 Kd7 36. Ra2 Rc8 37. Ba3 Bxa3 38. Rxa3 Rc2+ 39. Kh3 Rc3 40. Ra2 Rexe3 41. Rxe3 Rxe3 42. Rc2 Rxb3 43. Rc5 Kd6 44. Rc8 f4 45. Rd8+ Kc6 46. Kh2 fxg3+ 47. Kh3 Rd3 48. Rg8 Rxd4 49. Rxg6+ Kc5 50. Rxg3 Rxa4 51. Rg5 Ra3+ 52. Kh2 Re3 53. Rxh5 b5 54. Rh8 d4 55. Ra8 d3 56. Rc8+ Kd4 57. h5 Re5 58. h6 Rh5+ 59. Kg3 Rxh6 60. Rd8+ Kc3 61. Kf2 Kd2 62. Ra8 Rf6+ 63. Kg3 b4 64. Rb8 a5 65. Ra8 b3 66. Rxa5 b2 0-1


[Site "https://www.chess.com"]

[Event "Titled Tuesday Blitz January 31 Late 2023"]
[White "Janaszak, Dawid"]
[Black "Jones, Gawain C B"]
[WhiteFideId "1119206"]
[BlackFideId "409561"]
[WhiteElo "2316"]
[BlackElo "2618"]
[Result "0-1"]
[Round "04"]
[TimeControl "180+2"]
[Date "2023.01.31"]
[WhiteClock "0:00:07"]
[BlackClock "0:02:03"]

1. e4 c5 2. Nc3 Nc6 3. Bb5 Nd4 4. Nf3 e6 5. O-O a6 6. Bd3 Nc6 7. Nd5 d6 8. Ne3 g6 9. c3 Bg7 10. Bc2 e5 11. d4 exd4 12. cxd4 cxd4 13. Nd5 Nf6 14. Nxd4 O-O 15. Bg5 Nxd4 16. Qxd4 Nxd5 17. Qxd5 Be6 18. Bxd8 Bxd5 19. Be7 Rfe8 20. Bxd6 Bxe4 21. Bxe4 Rxe4 22. Rfe1 Rae8 23. Rxe4 Rxe4 24. Ba3 b5 25. f3 Ra4 26. Rd1 b4 27. Rd8+ Bf8 28. Rd4 Bc5 0-1


[Site "https://www.chess.com"]

[Event "Titled Tuesday Blitz January 31 Late 2023"]
[White "Svane, Frederik"]
[Black "Denishev, Marat"]
[WhiteFideId "12923044"]
[BlackFideId "24131563"]
[WhiteElo "2600"]
[BlackElo "2255"]
[Result "1-0"]
[Round "04"]
[TimeControl "180+2"]
[Date "2023.01.31"]
[WhiteClock "0:00:52"]
[BlackClock "0:00:23"]

1. c3 Nf6 2. g3 g6 3. Bg2 Bg7 4. d4 O-O 5. Nf3 d5 6. O-O a5 7. a4 Nbd7 8. Nbd2 Nb6 9. Nb3 c6 10. Ne5 Nfd7 11. Nxd7 Nxd7 12. e4 dxe4 13. Bxe4 Nf6 14. Bg2 Nd5 15. Re1 Re8 16. Nc5 b6 17. Nd3 Bb7 18. h4 Qc7 19. h5 Rad8 20. Qc2 Ba6 21. hxg6 hxg6 22. Bg5 Nf6 23. Ne5 Bb7 24. Bf4 Qc8 25. Nxg6 fxg6 26. Qxg6 Qg4 27. Qxg4 Nxg4 28. Bc7 Rc8 29. Bxb6 e5 30. Bh3 Nf6 31. dxe5 Nd5 32. Bxc8 Bxc8 33. Bxa5 Bg4 34. c4 Ne7 35. Bc3 Ng6 36. f4 Bf5 37. a5 Bd3 38. a6 Bxc4 39. a7 Ra8 40. f5 Nf8 41. e6 1-0


[Site "https://www.chess.com"]

[Event "Titled Tuesday Blitz January 31 Late 2023"]
[White "Golding, Alex"]
[Black "Pakleza, Zbigniew"]
[WhiteFideId "427241"]
[BlackFideId "1119290"]
[WhiteElo "2318"]
[BlackElo "2494"]
[Result "1-0"]
[Round "04"]
[TimeControl "180+2"]
[Date "2023.01.31"]
[WhiteClock "0:00:09"]
[BlackClock "0:00:01"]

1. e4 d6 2. Nc3 Nf6 3. d4 c6 4. Be3 Qb6 5. Bd3 Qxb2 6. Nge2 Qa3 7. Bd2 Qa5 8. O-O Qc7 9. e5 dxe5 10. dxe5 Qxe5 11. Re1 e6 12. Ng3 Qc7 13. Qf3 Nbd7 14. Bf4 Bd6 15. Bxd6 Qxd6 16. Nf5 Qc5 17. Nxg7+ Kf8 18. Ne4 Qe5 19. Ng3 Qd5 20. Qxd5 cxd5 21. N7h5 Nxh5 22. Nxh5 Nc5 23. Bb5 Bd7 24. Be2 Ke7 25. c4 dxc4 26. Bxc4 Rac8 27. Nf4 Bc6 28. Bd5 Rhd8 29. Bxc6 Rxc6 30. Rac1 Rd4 31. g3 b6 32. Kg2 Rcd6 33. Re3 Rd2 34. Ra3 a5 35. h4 Rb2 36. Nh3 Rdd2 37. Rf3 Rxa2 38. Ng5 f5 39. Nxh7 Ne4 40. Ng5 Rxf2+ 41. Rxf2 Nxf2 42. Kg1 e5 43. Rc6 e4 44. Rxb6 Ng4 45. Re6+ Kd7 46. h5 Ra1+ 47. Kg2 Ra2+ 48. Kg1 Rb2 49. h6 Rb1+ 50. Kg2 Rb2+ 51. Kg1 Rb8 52. h7 Rh8 53. Ra6 Ke7 54. Kf1 Ne3+ 55. Ke2 Nc4 56. Rc6 Nb2 57. Ke3 a4 58. Kf4 a3 59. Re6+ Kd7 60. Ra6 Nd3+ 61. Kxf5 e3 62. Rxa3 Nc5 63. Rxe3 Nb7 64. Kg6 Nd6 65. Kg7 Rc8 66. Rd3 Kc6 67. Rxd6+ Kxd6 68. h8=Q Rc7+ 69. Kh6 1-0


[Site "https://www.chess.com"]

[Event "Titled Tuesday Blitz January 31 Late 2023"]
[White "Iskusnyh, Sergei"]
[Black "Galchenko, Matvey"]
[WhiteFideId "4120027"]
[BlackFideId "24175480"]
[WhiteElo "2440"]
[BlackElo "2438"]
[Result "0-1"]
[Round "04"]
[TimeControl "180+2"]
[Date "2023.01.31"]
[WhiteClock "0:00:06"]
[BlackClock "0:00:06"]

1. d4 Nf6 2. c4 c5 3. d5 e6 4. Nc3 exd5 5. cxd5 d6 6. Nf3 g6 7. Nd2 Bg7 8. e4 O-O 9. Be2 Re8 10. O-O a6 11. a4 Nbd7 12. h3 Rb8 13. Ra3 Qc7 14. a5 b5 15. axb6 Rxb6 16. Qc2 h6 17. Nc4 Rb4 18. Bf4 Bf8 19. Re1 Nb6 20. Nd2 Nfxd5 21. Bg3 Nf6 22. Bxa6 Bxa6 23. Rxa6 Qb7 24. Ra2 Nc4 25. Nxc4 Rxc4 26. f3 d5 27. Qd3 Rd4 28. Qb5 Qc8 29. e5 Nd7 30. Ra7 Nb8 31. e6 fxe6 32. Rc7 Qd8 33. Rb7 Rb4 34. Rxb8 Qxb8 35. Qxb8 Rexb8 36. Bxb8 Rxb8 37. Rxe6 d4 38. Ne4 Rxb2 39. Rc6 Be7 40. Rc7 Kf7 41. Nxc5 Rc2 42. Na6 d3 43. Kf1 Ke6 0-1


[Site "https://www.chess.com"]

[Event "Titled Tuesday Blitz January 31 Late 2023"]
[White "Lizak, Peter"]
[Black "Boros, Denes"]
[WhiteFideId "731595"]
[BlackFideId "722340"]
[WhiteElo "2411"]
[BlackElo "2406"]
[Result "1-0"]
[Round "04"]
[TimeControl "180+2"]
[Date "2023.01.31"]
[WhiteClock "0:00:35"]
[BlackClock "0:01:52"]

1. d4 g6 2. Nc3 Bg7 3. e4 d5 4. exd5 Nf6 5. Bc4 Nbd7 6. Nge2 Nb6 7. Bb5+ Bd7 8. Qd3 a6 9. Bxd7+ Qxd7 10. Nf4 Nfxd5 11. Nfxd5 Nxd5 12. O-O Nb4 13. Qe4 Qxd4 14. Qxb7 O-O 15. Qxc7 Ra7 16. Qf4 Nxc2 17. Qxd4 Bxd4 18. Rb1 Rc8 19. Bd2 f6 20. Rfc1 Nb4 21. Ne2 Bc5 22. Bxb4 Rac7 23. Bxc5 Rxc5 24. Rxc5 Rxc5 25. Rc1 Rb5 26. Rc2 Kf7 27. Kf1 g5 28. Ke1 h5 29. b3 g4 30. Rc4 a5 31. Nf4 h4 32. Nd3 f5 33. h3 gxh3 34. gxh3 Kf6 35. Rxh4 Rd5 36. Ke2 Rd8 37. Rh6+ Kg5 38. Ra6 e5 39. Nxe5 Re8 40. Rxa5 Kf4 41. Kd3 Rd8+ 42. Kc4 Rd2 43. a4 Rc2+ 44. Kd4 Rd2+ 45. Nd3+ Kg5 46. Re5 Kh4 47. Rxf5 Ra2 48. Rf4+ Kxh3 49. Kc4 Rc2+ 50. Kb4 Rc6 51. Rc4 Rd6 52. Nc5 Kg2 53. a5 Kf3 54. Kb5 Rd8 55. a6 Rb8+ 56. Nb7 1-0


[Site "https://www.chess.com"]

[Event "Titled Tuesday Blitz January 31 Late 2023"]
[White "Martynov, Pavel"]
[Black "Borges Feria, Yasel"]
[WhiteFideId "4101260"]
[BlackFideId "3504921"]
[WhiteElo "2414"]
[BlackElo "2439"]
[Result "0-1"]
[Round "04"]
[TimeControl "180+2"]
[Date "2023.01.31"]
[WhiteClock "0:00:06"]
[BlackClock "0:00:15"]

1. e4 c5 2. Nf3 e6 3. Nc3 Nc6 4. Bb5 Qc7 5. O-O d6 6. d4 cxd4 7. Qxd4 Bd7 8. Bxc6 bxc6 9. e5 d5 10. Qg4 Ne7 11. b4 Nf5 12. a3 c5 13. Bd2 a6 14. Rfd1 Rb8 15. Bf4 h5 16. Qh3 cxb4 17. Nxd5 exd5 18. e6 Qxf4 19. exd7+ Kd8 20. Rxd5 Rb5 21. Rxb5 axb5 22. axb4 Bd6 23. Rd1 Kxd7 24. Nh4 g6 25. Nxf5 gxf5 26. g3 Qf3 27. Rd3 Qe4 28. Re3 Qd5 29. Rd3 Qe5 30. Re3 Qf6 31. Qf1 Rb8 32. Kg2 Rb6 33. Qd3 Kc7 34. c4 f4 35. Rf3 bxc4 36. Qxc4+ Rc6 37. Qe4 Qe6 38. Qh7 Qd5 39. b5 Rc3 40. Qxh5 Qxh5 41. Rxc3+ Kb7 42. h3 Qd5+ 43. Rf3 fxg3 44. fxg3 Bc5 45. g4 Qd2+ 46. Kg3 Bd6+ 47. Kh4 Qe1+ 48. Kh5 Qe6 49. Rf5 Qg6+ 50. Kh4 Bb4 51. Re5 Bd6 52. Rg5 Be7 53. Kg3 Qxg5 54. h4 Qxh4+ 0-1


[Site "https://www.chess.com"]

[Event "Titled Tuesday Blitz January 31 Late 2023"]
[White "Martinez Reyes, Pedro Ramon"]
[Black "Paichadze, Luka"]
[WhiteFideId "3901807"]
[BlackFideId "13602934"]
[WhiteElo "2376"]
[BlackElo "2515"]
[Result "0-1"]
[Round "04"]
[TimeControl "180+2"]
[Date "2023.01.31"]
[WhiteClock "0:00:03"]
[BlackClock "0:00:11"]

1. e4 c6 2. Nf3 d5 3. d3 Bg4 4. h3 dxe4 5. hxg4 exf3 6. Qxf3 Nd7 7. g5 e6 8. Nc3 Ne7 9. Bd2 Ng6 10. O-O-O Be7 11. Rh5 a5 12. Qh3 a4 13. Rxh7 Rg8 14. d4 a3 15. Bd3 axb2+ 16. Kb1 Ndf8 17. Re1 Qxd4 18. Rh5 b5 19. Qf3 Ra6 20. Nxb5 cxb5 21. Bxb5+ Nd7 22. Bxa6 Qxd2 23. Rd1 Qa5 24. Qb7 Nge5 25. Bb5 Bd6 26. Rh3 Ke7 27. Bxd7 Nxd7 28. Rhd3 Rb8 29. Qc6 Rb6 30. Qc4 Ne5 31. Qc3 Qa4 32. Qb3 Rxb3 33. Rxb3 Nc4 34. Rdd3 Be5 35. f4 Bxf4 36. c3 Nd2+ 37. Rxd2 Bxd2 38. Rb7+ Kd6 39. Rxb2 Qd1# 0-1


[Site "https://www.chess.com"]

[Event "Titled Tuesday Blitz January 31 Late 2023"]
[White "Pasti, Aron"]
[Black "Tactrics"]
[WhiteFideId "785857"]
[WhiteElo "2361"]
[BlackElo "2794"]
[Result "0-1"]
[Round "04"]
[TimeControl "180+2"]
[Date "2023.01.31"]
[WhiteClock "0:00:04"]
[BlackClock "0:01:27"]

1. e4 e6 2. d4 d5 3. Nc3 Nc6 4. Nf3 Nf6 5. Bg5 Be7 6. e5 Ne4 7. Bxe7 Qxe7 8. Bd3 Qb4 9. O-O Nxc3 10. bxc3 Qxc3 11. Rb1 Qa3 12. Ng5 Qe7 13. Qh5 Nxd4 14. Nxh7 Kd8 15. Qg4 Nf5 16. Bxf5 g6 17. Bxg6 fxg6 18. Nf6 Qg7 0-1


[Site "https://www.chess.com"]

[Event "Titled Tuesday Blitz January 31 Late 2023"]
[White "Shapiro, Viktor"]
[Black "Avila Pavas, Santiago"]
[WhiteFideId "4175700"]
[BlackFideId "4437128"]
[WhiteElo "2192"]
[BlackElo "2522"]
[Result "0-1"]
[Round "04"]
[TimeControl "180+2"]
[Date "2023.01.31"]
[WhiteClock "0:01:45"]
[BlackClock "0:00:22"]

1. c4 Nf6 2. Nc3 e6 3. g3 d5 4. Bg2 d4 5. Na4 e5 6. d3 Be7 7. Nf3 Nc6 8. a3 a5 9. O-O O-O 10. Bg5 Nd7 11. Bd2 Nf6 12. Bg5 h6 13. Bxf6 Bxf6 14. Nd2 Be7 15. Ne4 Rb8 16. Rb1 Bd7 17. c5 f5 18. Nd2 Be6 19. b4 axb4 20. axb4 Bf6 21. Nc4 Bd5 22. Bxd5+ Qxd5 23. b5 Ne7 24. Qb3 Kh7 25. b6 Rbc8 26. bxc7 Rxc7 27. Nd6 Qc6 28. Qb5 Ra8 29. Nb6 Ra2 30. Ne8 Qxb5 0-1


[Site "https://www.chess.com"]

[Event "Titled Tuesday Blitz January 31 Late 2023"]
[White "Sztokbant, Bernardo Vainzoff"]
[Black "Salimova, Nurgyul"]
[WhiteFideId "2115956"]
[BlackFideId "2915138"]
[WhiteElo "2213"]
[BlackElo "2391"]
[Result "1/2-1/2"]
[Round "04"]
[TimeControl "180+2"]
[Date "2023.01.31"]
[WhiteClock "0:01:26"]
[BlackClock "0:01:35"]

1. d4 Nf6 2. c4 e6 3. Nf3 b6 4. g3 Ba6 5. b3 Bb4+ 6. Bd2 c5 7. Bg2 O-O 8. O-O Bb7 9. a3 Bxd2 10. Qxd2 cxd4 11. Nxd4 Bxg2 12. Kxg2 d5 13. cxd5 Qxd5+ 14. Nf3 Qxb3 15. Nc3 Nc6 16. Rfc1 Rfd8 17. Qe3 Rac8 18. Nd2 Qb2 19. Nc4 Qb3 20. Nd2 Qb2 21. Nc4 Qb3 22. Nd2 1/2-1/2


[Site "https://www.chess.com"]